 Dungeon Crawl Stone Soup version 0.26.1-2-gb8aa6d0cf2 (webtiles) character file.

Game seed: 18237054663414167161

130 promet the Gusty (level 5, -2/37 HPs)
             Began as a Gnoll Air Elementalist on Mar 21, 2021.
             Killed from afar by an orc wizard (4 damage)
             ... with a magic dart
             ... on level 4 of the Dungeon.
             The game lasted 00:16:37 (4518 turns).

promet the Gusty (Gnoll Air Elementalist)           Turns: 4518, Time: 00:16:38

Health: -2/37      AC:  4    Str: 10    XL:     5   Next: 14%
Magic:  6/12       EV: 14    Int: 18    God:
Gold:   204        SH:  0    Dex: 16    Spells: 11/14 levels left

rFire    . . .     SeeInvis .   g - +1 short sword
rCold    . . .     Faith    .   (no shield)
rNeg     . . .     Spirit   .   h - +0 leather armour
rPois    .         Reflect  .   (no helmet)
rElec    .         Harm     .   (no cloak)
rCorr    .         Rampage  .   (no gloves)
Will     .....                  i - +0 pair of boots
Stlth    +++.......             (no amulet)
HPRegen  0.12/turn              (no ring)
MPRegen  0.13/turn              (no ring)

@: no status effects
A: distributed training, fangs 1, strong nose
a: no special abilities


You were on level 4 of the Dungeon.
You visited 1 branch of the dungeon, and saw 4 of its levels.

You collected 204 gold pieces.

Inventory:

Hand Weapons
 a - a +0 dagger
 g - a +1 short sword (weapon)
 l - a +0 mace
 m - a +0 hunting sling
Missiles
 b - 148 stones
 c - 70 bolts
 j - 7 boomerangs
 k - 13 arrows
 s - 23 sling bullets
Armour
 h - a +0 leather armour (worn)
 i - a +0 pair of boots (worn)
Jewellery
 d - a cursed ring of teleportation {unknown}
 r - a cursed ring of attention {unknown}
Potions
 e - 3 potions of curing
 f - a potion of flight
 n - 2 potions of lignification
 o - a potion of brilliance
 p - a potion of berserk rage
 q - a potion of heal wounds
 t - a potion of haste {unknown}
 u - a potion of cancellation {unknown}


   Skills:
 + Level 1.4 Fighting
 + Level 1.4 Short Blades
 + Level 1.4 Long Blades
 + Level 1.4 Axes
 + Level 1.4 Maces & Flails
 + Level 1.4 Polearms
 + Level 1.4 Staves
 + Level 1.4 Slings
 + Level 1.4 Bows
 + Level 1.4 Crossbows
 + Level 1.4 Throwing
 + Level 1.4 Armour
 + Level 4.7 Dodging
 + Level 4.3 Stealth
 + Level 1.4 Shields
 + Level 1.4 Unarmed Combat
 + Level 5.1 Spellcasting
 + Level 2.3 Conjurations
 + Level 1.1 Hexes
 + Level 1.1 Summonings
 + Level 1.1 Necromancy
 + Level 1.1 Translocations
 + Level 1.1 Transmutations
 + Level 1.1 Fire Magic
 + Level 1.1 Ice Magic
 + Level 5.5 Air Magic
 + Level 1.1 Earth Magic
 + Level 1.1 Poison Magic
 + Level 1.5 Invocations
 + Level 1.4 Evocations


You had 11 spell levels left.
You knew the following spells:

 Your Spells              Type           Power        Failure   Level
a - Shock                 Conj/Air       72%          3%          1
b - Swiftness             Air            24%          2%          2

Your spell library contained the following spells:

 Spells                   Type           Power        Failure   Level
 Static Discharge         Conj/Air       18%          10%         3
 Airstrike                Air            12%          17%         4
 Lightning Bolt           Conj/Air       9%           67%         5


Dungeon Overview and Level Annotations

Branches:
Dungeon (4/15)
 Temple: D:4-7

Altars:
Gozag

Annotations:
D:3 1 runed translucent door, Crazy Yiuf


Innate Abilities, Weirdness & Mutations

Your experience applies equally to all skills.
You have very sharp teeth.
Your uncanny sense of smell can sniff out nearby items.


Message History

* * * LOW HITPOINT WARNING * * *
Casting: Shock (safe; 3% risk of failure)
Confirm with . or Enter, or press ? or * to list all spells.
Aiming: Shock (safe; 3% risk of failure)
Press: ? - help, Shift-Dir - straight line, f/p - orc wizard
Aim: an orc wizard, wielding a +0 dagger and wearing a +0 robe (heavily wounded, fast, 36% to evade)
The zap hits the orc wizard.
The orc wizard is severely wounded.
The orc wizard gestures at you while chanting.
The puff of frost hits you!
* * * LOW HITPOINT WARNING * * *
You closely miss the orc wizard.
The orc wizard is severely wounded.
An adder comes into view.
The orc wizard hits you with a +0 dagger.
* * * LOW HITPOINT WARNING * * *
The orc priest looks braver for a moment.
The orc wizard points at you and mumbles some strange words.
The magic dart hits you.
You die...

.. ..........## ..
#...........## .##..
#.......##..## ####..#..
#.......###..##+##........
##[..S.o.##...............#
.#........##.............#
.......o.................#
...........o@.....)#..#.###
#.........##......<#......#
###...........##.#.#...>###
#...............#.......#
....#.........#.......#.....
.####.........##...?..##....
#.##o....<................#
...#
.........................##
... .....# ................#
..


You could see 2 orc priests, an orc wizard (fast) and an adder.

Vanquished Creatures
  3 adders (D:2)
  An ooze (D:3)
  An adder skeleton (D:4)
  2 worms (D:2)
  A dart slug (D:2)
  5 leopard geckos
  6 orcs
  A ball python (D:3)
  2 giant cockroaches (D:2)
  8 goblins
  7 hobgoblins
  3 jackals (D:2)
  12 kobolds
  12 bats
  3 frilled lizards (D:1)
  7 rats
74 creatures vanquished.

Notes
Turn   | Place    | Note
-------+----------+-------------------------------------------
     0 | D:1      | promet the Gnoll Air Elementalist began the quest for the
                  | Orb.
     0 | D:1      | Reached XP level 1. HP: 13/13 MP: 6/6
   831 | D:1      | Reached XP level 2. HP: 18/19 MP: 7/7
  1351 | D:1      | Reached XP level 3. HP: 17/25 MP: 9/9
  1644 | D:2      | Reached skill level 5 in Spellcasting
  1888 | D:2      | Reached skill level 1 in Invocations
  2166 | D:2      | Reached skill level 1 in Fighting
  2166 | D:2      | Reached skill level 1 in Short Blades
  2166 | D:2      | Reached skill level 1 in Long Blades
  2166 | D:2      | Reached skill level 1 in Axes
  2166 | D:2      | Reached skill level 1 in Maces & Flails
  2166 | D:2      | Reached skill level 1 in Polearms
  2166 | D:2      | Reached skill level 1 in Staves
  2166 | D:2      | Reached skill level 1 in Slings
  2166 | D:2      | Reached skill level 1 in Bows
  2166 | D:2      | Reached skill level 1 in Crossbows
  2166 | D:2      | Reached skill level 1 in Throwing
  2166 | D:2      | Reached skill level 1 in Armour
  2166 | D:2      | Reached skill level 1 in Shields
  2166 | D:2      | Reached skill level 1 in Unarmed Combat
  2166 | D:2      | Reached skill level 1 in Evocations
  2166 | D:2      | Reached XP level 4. HP: 32/32 MP: 7/11
  2199 | D:2      | Learned a level 2 spell: Swiftness
  2766 | D:2      | Reached skill level 1 in Hexes
  2766 | D:2      | Reached skill level 1 in Summonings
  2766 | D:2      | Reached skill level 1 in Necromancy
  2766 | D:2      | Reached skill level 1 in Translocations
  2766 | D:2      | Reached skill level 1 in Transmutations
  2766 | D:2      | Reached skill level 1 in Fire Magic
  2766 | D:2      | Reached skill level 1 in Ice Magic
  2766 | D:2      | Reached skill level 1 in Earth Magic
  2766 | D:2      | Reached skill level 1 in Poison Magic
  3002 | D:3      | Found an opulent altar of Gozag.
  3522 | D:3      | Reached XP level 5. HP: 37/37 MP: 10/12
  4069 | D:3      | Found a runed translucent door.
  4070 | D:3      | Noticed Crazy Yiuf
  4518 | D:4      | Killed from afar by an orc wizard

Illustrated notes

Levels and vault maps discovered:
D:1:      dpeg_arrival_castle, layout_loops_ring
D:2:      layout_loops_ring, minmay_split_cup_large
D:3:      layout_loops_corners, lemuel_doored_altar, uniq_crazy_yiuf_cottage
D:4:      layout_cave_pools, kennysheep_diamond, uniq_sigmund

Skill      XL: |  1  2  3  4 |
---------------+-------------+-----
Conjurations   | 2 |  2.3
Spellcasting   | 5 |  5.1
Invocations    | 1 |  1.5
Fighting       | 1 |  1.4
Short Blades   | 1 |  1.4
Long Blades    | 1 |  1.4
Axes           | 1 |  1.4
Maces & Flails | 1 |  1.4
Polearms       | 1 |  1.4
Staves         | 1 |  1.4
Slings         | 1 |  1.4
Bows           | 1 |  1.4
Crossbows      | 1 |  1.4
Throwing       | 1 |  1.4
Armour         | 1 |  1.4
Shields        | 1 |  1.4
Unarmed Combat | 1 |  1.4
Evocations     | 1 |  1.4
Hexes          | 1 |  1.1
Summonings     | 1 |  1.1
Necromancy     | 1 |  1.1
Translocations | 1 |  1.1
Transmutations | 1 |  1.1
Fire Magic     | 1 |  1.1
Ice Magic      | 1 |  1.1
Earth Magic    | 1 |  1.1
Poison Magic   | 1 |  1.1
Dodging        | |  4.7
Stealth        | |  4.3
Air Magic      | |  5.5

Action                   |  1- 3 |  4- 6 || total
-------------------------+-------+-------++-------
Melee: Dagger            |    15 |       ||    15
       Unarmed           |    10 |       ||    10
       Hand axe          |    48 |    27 ||    75
       Bite              |     7 |     1 ||     8
       Short sword       |       |     2 ||     2
 Fire: Hunting sling     |       |    14 ||    14
 Cast: Shock             |    43 |    69 ||   112
  Use: Scroll            |     5 |     5 ||    10
       Potion            |     1 |     5 ||     6
 Stab: Sleeping          |     1 |     1 ||     2
Armor: Robe              |    18 |     7 ||    25
       Leather armour    |       |     2 ||     2
Dodge: Dodged            |    83 |    52 ||   135
